[Event "*** Titled Tuesday 3|2 Blitz (Late)"]
[Site "Chess.com"]
[Date "2016.12.06"]
[Round "4"]
[White "Izoria123"]
[Black "anon102030"]
[Result "1/2-1/2"]
[WhiteElo "2588"]
[BlackElo "2565"]
[TimeControl "180+2"]
[EndTime "17:46:45 PST"]
[Termination "Game drawn by agreement"]

1. Nf3 d6 2. d4 g6 3. e4 Bg7 4.
Bc4 Nc6 5. O-O e5 6. dxe5 dxe5 7. Bb5 Bd7 8. c3 Nge7 9. Be3 a6 10. Bc4 O-O 11.
Nbd2 h6 12. b4 Kh7 13. a4 f5 14. b5 Na5 15. Be2 axb5 16. axb5 b6 17. Nb3 Nxb3 18. Qxb3 f4 19. Bd2 g5 20. h3 Rxa1 21. Rxa1 Nc8 22. c4 Be6 23. Qc2 h5 24. Bc3 Qd6 25. Nxg5+ Kh6 26. Nf3 Bf6 27. Qb2 Rg8 28. Kh1 Qc5 29. Bf1 Nd6 30. Bxe5 Bxe5 31. Nxe5 Nxe4 32. Nd3 Qd6 33.
Re1 Bf5 34. Qc1 Kh7 35. Qxf4 Qxf4 36. Nxf4 Nxf2+ 37. Kg1 Ne4 38. Nxh5 Kh6 39. Nf4 Ng3 40. Re7 Rf8 41. Bd3 Bxd3 42. Nxd3 Rd8 43. Ne5 Rd2 44.
Rxc7 Rc2 45. Nf3 Ne2+ 46. Kf1 Nf4 47. Rc6+ Kg7 48. g4 Ng2 49. Re6 Nf4 50. Rxb6 Nxh3 51. Re6 Rf2+ 52. Ke1 Rxf3 53. c5 Nf4 54. Re7+ Kf6 55.
Rb7 Rb3 56. b6 Nd3+ 57. Kd1 Nxc5 58. Rc7 Ne6 59. Rc6 Ke5 60. g5 Nxg5 61. Rc5+ Kd4 62.
Rxg5 Rxb6 63. Rg4+ 1/2-1/2

[Event "*** Titled Tuesday 3|2 Blitz (Late)"]
[Site "Chess.com"]
[Date "2016.12.06"]
[Round "4"]
[White "Noukii"]
[Black "KNVB"]
[Result "0-1"]
[WhiteElo "2642"]
[BlackElo "2550"]
[TimeControl "180+2"]
[EndTime "17:46:52 PST"]
[Termination "KNVB won by resignation"]

1. d4 d5 2. c4 dxc4 3. Nf3 Nf6 4. Nc3 e6 5. e4 Bb4 6. Bxc4 Nxe4 7. O-O Nxc3 8. bxc3 Be7 9. Ne5 Nd7 10. Qg4 Nxe5 11.
dxe5 Kf8 12. Rd1 Qe8 13. Bg5 Bd7 14. Rd4 Bxg5 15. Qxg5 Qe7 16. Qg3 Bc6 17. Rad1 g6 18. h4 Kg7 19. h5 Rhd8 20. Qf4 Rxd4 21. Rxd4 g5 22. Qd2 h6 23. Bb3 Rf8 24. Bc2 Qc5 25. Qd3 Qxe5 26. Qh7+ Kf6 27. Qxh6+ Ke7 28. Rg4 Qe1+ 29.
Kh2 Qxf2 30. Qxg5+ Qf6 31. Qc5+ Ke8 32. Qd4 Qxd4 33.
cxd4 Rh8 34. Rh4 f5 35. Kg3 Ke7 36. Kf4 Kf6 37. g4 fxg4 38. Kxg4 Be8 39. Be4 b6 40. Rh2 Rh6 41. Bc2 c5 42. dxc5 bxc5 43. Bd1 Rh8 44. Rf2+ Ke5 45. Kg5 Rg8+ 46. Kh4 c4 47. h6 Bg6 48. Rg2 Kf6 49. Rf2+ Bf5 50.
Rf4 Rh8 51. Kh5 c3 52. Rc4 Bg6+ 53. Kg4 c2 54. Bxc2 Bxc2 55. Rxc2 Rxh6 56. Rc7 Rg6+ 57.
Kf3 Rg7 58. Rc6 a5 59. Ra6 Rg5 60. Ra8 Rd5 61. Ke3 Ke5 62. a4 Kd6 63. Ke4 Ke7 64.
Ra7+ Kf6 65. Ra6 Rh5 66. Ra7 Rh4+ 67. Ke3 Rxa4 68. Kd3 Ke5 69. Ra8 Kd5 70. Kc3 Rc4+ 71. Kd3 Rc5 72. Rd8+ Ke5 73. Re8 Rd5+ 74. Kc4 a4 75.
Ra8 Rd4+ 76. Kc3 Ke4 77. Rh8 e5 78. Rh4+ Kd5 79. Rh8 Rc4+ 80. Kd3 e4+ 81. Kd2 Kc5 82. Rb8 Rb4 83. Rc8+ Kb5 84. Kc3 Rb3+ 85. Kc2 e3 86.
Rb8+ Kc4 87. Rc8+ Kd4 88. Rd8+ Ke4 89. Re8+ Kf3 90. Rb8 Rxb8 0-1

[Event "*** Titled Tuesday 3|2 Blitz (Late)"]
[Site "Chess.com"]
[Date "2016.12.06"]
[Round "4"]
[White "MaestroASK"]
[Black "Paralinch"]
[Result "0-1"]
[WhiteElo "2443"]
[BlackElo "2656"]
[TimeControl "180+2"]
[EndTime "17:46:53 PST"]
[Termination "Paralinch won on time"]

1. g3 c6 2. d3 d5 3. e4 dxe4 4. dxe4 Qxd1+ 5. Kxd1 g6 6. Bh3 Bxh3 7. Nxh3 Nd7 8. f3 O-O-O 9. Ke2 Bg7 10. c3 Nc5 11. Nf2 Ne6 12. Na3 Nf6 13. Be3 b6 14. Nc4 Nd7 15. a4 Kb7 16. Nd3 a6 17. Ra3 h5 18.
h4 Nc7 19. Rb1 f5 20. e5 Nd5 21. f4 Nxe3 22. Kxe3 Bf8 23. b4 e6 24. Ra2 Be7 25. Rd2 Kc7 26. Ne1 b5 27. axb5 axb5 28. Na5 Nb6 29. Ke2 Nd5 30. Rd3 Rd7 31. Nf3 Rhd8 32. Ke1 Nb6 33. Rxd7+ Kxd7 34. Rd1+ Nd5 35. Rd3 Ra8 36.
Nd4 Ra6 37. Ke2 Nxc3+ 38. Rxc3 Bxb4 39. Rxc6 Rxa5 40. Rb6 Bc5 41. Rxb5 Ra2+ 42. Kd3 Ra3+ 43. Nb3 Bf2 44. Ke2 Bxg3 45. Rb7+ Kc6 46. Rb4 Bxf4 47. Nd4+ Kd5 48. Nc2 Ra2 49. Kd3 Bxe5 50. Rb7 Kd6 51.
Rb6+ Ke7 52. Rb7+ Kf6 53. Rb6 Rb2 54. Ra6 Rb3+ 55. Ke2 Rh3 56. Nb4 f4 57. Nd5+ Kf5 58.
Ne7+ Kg4 59. Nxg6 f3+ 60. Ke3 Bh2 61. Ra5 Bg1+ 62. Ke4 Kg3 63. Rg5+ Kf2 64. Rxh5 Rg3 65. Nf4 Rg4 66. Ra5 Kg3 0-1

[Event "*** Titled Tuesday 3|2 Blitz (Late)"]
[Site "Chess.com"]
[Date "2016.12.06"]
[Round "4"]
[White "calemcc"]
[Black "MFBerna"]
[Result "0-1"]
[WhiteElo "2102"]
[BlackElo "2200"]
[TimeControl "180+2"]
[EndTime "17:47:04 PST"]
[Termination "MFBerna won by checkmate"]

1. d4 d5 2. c4 e6 3. Nc3 Be7 4. Nf3 Nf6 5. Bg5 O-O 6. e3 h6 7. Bh4 b6 8. cxd5 exd5 9. Qc2 Be6 10. Bd3 c5 11. b3 Nc6 12. a3 cxd4 13. exd4 Bg4 14. Ne5 Nxd4 15. Qb2 Be6 16. O-O Bd6 17. f4 Bf5 18. Rad1 Bxd3 19. Rxd3 Nf5 20. Bxf6 Qxf6 21. Nxd5 Qe6 22. Re1 Bc5+ 23. Kh1 Rad8 24. Red1 f6 25.
Ng6 Rfe8 26. h3 Qf7 27. b4 Qxg6 28. bxc5 Rxd5 29. Rxd5 Ne3 30. Qb3 Nxd5 31. Rxd5 Kh7 32. cxb6 axb6 33. Qxb6 Qg3 34. Qb1+ Kh8 35. Qf1 Re1 36.
Rd1 Rxf1+ 37. Rxf1 Qxa3 38. Rf3 Qc1+ 39. Kh2 Qd2 40. Kg3 Qe1+ 41. Kh2 Qe2 42. f5 Qe5+ 43. Kg1 h5 44. h4 Kh7 45. g3 Qe4 46. Kg2 Qg4 47.
Rf4 Qe2+ 48. Kh3 Qd1 49. Kg2 Kh6 50. Rf2 Qd5+ 51. Kh2 g6 52. fxg6 Kxg6 53. Rf4 Qe5 54. Kg2 Qe2+ 55. Rf2 Qe4+ 56. Kh2 f5 57. Rf4 Qe2+ 58.
Kh3 Kf6 59. Rb4 Qf1+ 60. Kh2 Qf2+ 61. Kh3 Qf1+ 62. Kh2 Ke5 63. Ra4 Qe2+ 64. Kh3 Qe1 65. Rf4 Qh1# 0-1

[Event "*** Titled Tuesday 3|2 Blitz (Late)"]
[Site "Chess.com"]
[Date "2016.12.06"]
[Round "4"]
[White "VitaliyBernadskiy"]
[Black "Sethu0025"]
[Result "1-0"]
[WhiteElo "2563"]
[BlackElo "2610"]
[TimeControl "180+2"]
[EndTime "17:47:12 PST"]
[Termination "VitaliyBernadskiy won by resignation"]

1. e4 e5 2. Nf3 Nc6 3. Bb5 a6 4. Ba4 Nf6 5. d3 d6 6. Nc3 b5 7. Bb3 Na5 8. O-O Be7 9. Ne2 O-O 10. Ng3 c5 11. c3 Nxb3 12. axb3 Re8 13. h3 Qc7 14. Bg5 h6 15. Be3 Bf8 16. c4 Bd7 17. Nh4 a5 18. f4 exf4 19. Bxf4 Nh7 20. Nhf5 Be6 21. Qf3 a4 22. bxa4 bxc4 23. d4 cxd4 24. Nxd4 Ng5 25. Bxg5 hxg5 26. Kh1 g6 27. Nxe6 Rxe6 28.
e5 Rd8 29. Ne4 Rxe5 30. Nf6+ Kh8 31. Nd5 Qd7 32. Nb6 Qe6 33. Qxf7 Qxf7 34. Rxf7 Kg8 35. Rc7 d5 36. a5 Bd6 37. Rd7 Rxd7 38. Nxd7 Re7 39. Nf6+ Kf7 40. Nxd5 Ra7 41. Nb6 Bc5 42. Nxc4 Ke6 43. a6 Kd5 44. Nd2 Be3 45. Ra5+ Kc6 46. Nc4 Bc5 47. Ra1 Re7 48. b3 Kb5 49. Nd2 Kb4 50. Nf3 Kxb3 51. Nxg5 Kb4 52. Nf3 Kb5 53. g4 Ba7 54. Kg2 Re6 55. Kg3 Rxa6 56. Rxa6 Kxa6 57. Kf4 Kb5 58. Kg5 Kc6 59. Kxg6 Kd7 60. h4 Ke8 61. Kg7 Be3 62. h5 Bc1 63. g5 Bb2+ 64. Kg8 1-0

[Event "*** Titled Tuesday 3|2 Blitz (Late)"]
[Site "Chess.com"]
[Date "2016.12.06"]
[Round "4"]
[White "nonscitis"]
[Black "Durarbayli"]
[Result "0-1"]
[WhiteElo "2369"]
[BlackElo "2595"]
[TimeControl "180+2"]
[EndTime "17:47:14 PST"]
[Termination "Durarbayli won by resignation"]

1. d4 Nf6 2. c4 g6 3. Nc3 d5 4.
Bg5 Ne4 5. h4 Nxc3 6. bxc3 dxc4 7.
e3 Be6 8. Nf3 Bg7 9. Be2 Nd7 10.
O-O Nf6 11. Nd2 O-O 12. Qc2 c5 13. dxc5 Rc8 14. Rfd1 Rxc5 15. Bxf6 exf6 16. Ne4 Rd5 17.
Bxc4 Rxd1+ 18. Rxd1 Bxc4 19. Rxd8 Rxd8 20. Qb2 Bd5 21. Ng3 f5 22. Ne2 a6 23. a4 Rc8 24.
Nd4 Rc4 25. Qb6 Bf8 26. Qd8 Be4 27. f3 Bc6 28. Nxc6 bxc6 29. Qa8 Rxa4 30. Qxc6 Ra1+ 31. Kf2 a5 32. Qa8 a4 33. c4 Kg7 34. Qa5 Be7 35. h5 gxh5 36. Qxf5 a3 37. Qxh5 a2 38. Qg4+ Kh6 39.
Qf4+ Bg5 40. Qd6+ Kg7 41. Qe5+ Bf6 42. Qg3+ Kh6 43. Qf4+ Kg6 44. Qe4+ Kg7 45. Qg4+ Kh6 46. Qf4+ Bg5 47. Qd6+ f6 48. Qf8+ Kg6 49. Qg8+ Kh6 50.
Qf8+ Kh5 51. Qf7+ Kh6 52. Qf8+ Kg6 53. Qg8+ Kh6 54. c5 Rf1+ 55. Kxf1 a1=Q+ 56. Kf2 Qb2+ 57. Kg3 Qe5+ 58. Kh3 Qf5+ 59. Kh2 Bxe3 60. Qf8+ Kg5 61. Qg7+ Qg6 62. Qxg6+ hxg6 63. c6 Bf4+ 64. g3 Bc7 65. Kg2 Kf5 66. Kh3 Ke6 67. Kg4 Kd5 68. f4 Kxc6 69. f5 g5 0-1

[Event "*** Titled Tuesday 3|2 Blitz (Late)"]
[Site "Chess.com"]
[Date "2016.12.06"]
[Round "4"]
[White "josiwales"]
[Black "Kawhi_Leonard2"]
[Result "0-1"]
[WhiteElo "2226"]
[BlackElo "2226"]
[TimeControl "180+2"]
[EndTime "17:48:36 PST"]
[Termination "Kawhi_Leonard2 won by resignation"]

1. e4 c5 2. Nc3 Nc6 3. g3 g6 4.
Bg2 Bg7 5. d3 e6 6. Be3 Nd4 7.
Qd2 Ne7 8. Nd1 d6 9. c3 Ndc6 10. Bh6 O-O 11. h4 Bxh6 12. Qxh6 f6 13. Qd2 d5 14. h5 g5 15. h6 d4 16. c4 e5 17. f4 gxf4 18. gxf4 Ng6 19. f5 Nf4 20. Nh3 Nxh3 21. Bxh3 Kh8 22. a3 Rg8 23. Nf2 Bd7 24. O-O-O Qe7 25. Rdg1 Rxg1+ 26. Rxg1 Rg8 27. Rxg8+ Kxg8 28. Ng4 Kh8 29. Qg2 Qf8 30. Qg3 Ne7 31. Qh4 Ng8 32. Bf1 b6 33. Be2 Qe7 34. Bd1 Qf8 35. Kb1 Bc6 36. Ka2 Bd7 37. Kb1 Bc6 38.
Bb3 Bd7 39. Ba2 Bc6 40. Kc1 Bd7 41. Kd1 Ba4+ 42. Ke2 Bd7 43. Kf3 Bc6 44. Kg3 Bd7 45. Kh3 Bc6 46. b4 cxb4 47. axb4 Ba4 48. c5 Bd1 49. Bxg8 Bxg4+ 50. Qxg4 Qxh6+ 51. Kg2 Qd2+ 52. Kg1 Qe1+ 53. Kh2 Qf2+ 54. Kh3 Qe3+ 55. Kh4 Qh6+ 56. Kg3 Qe3+ 57. Kg2 Qd2+ 58. Kf1 Qc1+ 59. Ke2 Qe3+ 60. Kd1 Qxd3+ 61. Kc1 Qc3+ 62. Kd1 Qd3+ 63. Ke1 Qe3+ 64.
Kf1 Qc1+ 65. Kg2 Qd2+ 66. Kg3 Qe3+ 67. Kh4 Qh6+ 68. Kg3 Qe3+ 69. Kg2 Qd2+ 70. Kf1 Qc1+ 71. Ke2 Qe3+ 72. Kd1 Qd3+ 73. Kc1 Qc3+ 74. Kb1 Qxb4+ 75. Ka2 Qa5+ 76. Kb3 Qb5+ 77. Ka3 Qxc5+ 78. Kb3 Qc3+ 79. Ka4 a5 80. Kb5 Qc5+ 81. Ka6 Qc8+ 82. Kxb6 Qxg8 83. Qe2 Qd8+ 84. Kb5 d3 85. Qd2 Qd4 86. Kxa5 Qxe4 87.
Qc3 Qd5+ 88. Ka4 d2 89. Qc8+ Kg7 90. Qc7+ Kh6 0-1

[Event "*** Titled Tuesday 3|2 Blitz (Late)"]
[Site "Chess.com"]
[Date "2016.12.06"]
[Round "4"]
[White "ShimanovAlex"]
[Black "LPSupi"]
[Result "1-0"]
[WhiteElo "2665"]
[BlackElo "2590"]
[TimeControl "180+2"]
[EndTime "17:48:49 PST"]
[Termination "ShimanovAlex won by resignation"]

1. d4 Nf6 2. Bf4 g6 3. Nc3 c5 4.
d5 Qb6 5. e4 Bg7 6. Rb1 O-O 7.
Nf3 d6 8. h3 Nxe4 9. Nxe4 Qb4+ 10. Nfd2 Nd7 11. c3 Qb6 12. Be2 Qc7 13. O-O a6 14. a4 b6 15. b4 Bb7 16. Nc4 Rfd8 17. bxc5 bxc5 18. Na5 Bxd5 19. Qxd5 Qxa5 20. Ng5 e6 21.
Qxd6 Ne5 22. Qb6 Qxc3 23. Rfc1 Qd4 24. Be3 Qxa4 25. Qxc5 h6 26. Nf3 Nd3 27. Qc4 Nxc1 28. Qxa4 Nxe2+ 29. Kf1 Nc3 30. Qc2 Nxb1 31. Qxb1 a5 32. Bc5 a4 33. Ba3 Rdb8 34. Qa2 Rb5 35. Nd2 Rd5 36. Nc4 Rc8 37. Ne3 Rd3 38. Bb4 a3 39. Ke2 Rcd8 40. Bxa3 Rd2+ 41. Qxd2 Rxd2+ 42. Kxd2 Bd4 43. Nd1 Bb6 44. Kd3 Kg7 45. Bb2+ f6 46. Bd4 Ba5 47. Ne3 e5 48. Bc3 Bb6 49. g4 Kf7 50. f3 Ke6 51. Nc4 Bc7 52. Bd2 h5 53. g5 f5 54. Bc3 Kd5 55. Ne3+ Ke6 56. Ng2 Bd8 57. f4 e4+ 58. Kc4 Bb6 59. Bd4 Ba5 60.
Be3 Bc7 61. Nh4 Kf7 62. Kd5 Bb8 63. Ng2 Bc7 64. Ne1 Ba5 65. Nc2 Bc3 66. Nd4 Be1 67. Nc6 Bc3 68. Kd6 Bb2 69. Kd7 Bc3 70. Nd8+ Kg7 71. Ke6 Ba1 72. Ke7 Bb2 73. Ne6+ Kg8 74. Nc7 Kg7 75. Ne8+ Kg8 76. Ke6 Kf8 77. Nc7 Kg7 78. Nd5 Kg8 79. Bc5 Kg7 80. Bd6 Kg8 81. Be5 Bc1 82. Ne7+ Kh7 83. Nc6 e3 84. Nd4 Bb2 85.
Ne2 Ba3 86. Kd5 1-0

[Event "*** Titled Tuesday 3|2 Blitz (Late)"]
[Site "Chess.com"]
[Date "2016.12.06"]
[Round "4"]
[White "oskariot"]
[Black "jposthuma"]
[Result "1-0"]
[WhiteElo "2397"]
[BlackElo "2195"]
[TimeControl "180+2"]
[EndTime "17:50:25 PST"]
[Termination "oskariot won by checkmate"]

1. Nc3 d5 2. e4 dxe4 3. Nxe4 Qd5 4.
Nc3 Qd8 5. Nf3 Nf6 6. d4 Bg4 7. Be2 e6 8. O-O c6 9. Bf4 Bd6 10. Qd2 Qc7 11. Bxd6 Qxd6 12. Rad1 Nbd7 13. h3 Bh5 14. a3 O-O-O 15. b4 Rhe8 16. Qe3 Nd5 17. Ne4 Qc7 18. Qb3 Nf4 19. Rfe1 Nxe2+ 20. Rxe2 Ne5 21. Neg5 h6 22. Rxe5 hxg5 23. Rxg5 Bxf3 24. Qxf3 f6 25. Rg6 Rd7 26. c3 Red8 27. Qg4 Re7 28. Re1 Qd7 29. h4 Rde8 30. g3 Qd6 31. Kg2 Qd7 32.
h5 Rh8 33. Rh1 Kc7 34. Qf4+ Kc8 35. Qf3 Kc7 36. h6 gxh6 37. Rhxh6 Rxh6 38. Rxh6 f5 39.
Qf4+ Kb6 40. Qe5 a6 41. a4 Ka7 42. a5 b6 43. axb6+ Kxb6 44. Rh8 Qc7 45. Qc5+ Kb7 46.
Rh6 Qd7 47. Qe5 Re8 48. Rg6 Re7 49. Rg8 Re8 50. Rg7 Re7 51. Rg8 Re8 52. Rxe8 Qxe8 53.
f3 Qg8 54. Qd6 Qe8 55. c4 Qf7 56. Qd8 Qc7 57. Qxc7+ Kxc7 58. g4 fxg4 59. fxg4 e5 60. dxe5 c5 61. bxc5 a5 62. g5 a4 63. g6 a3 64. g7 a2 65. g8=Q a1=Q 66. Qf7+ Kc6 67.
Qd5+ Kc7 68. Qd6+ Kc8 69. Qc6+ Kd8 70. Qd5+ Kc8 71. e6 Qg7+ 72. Kf3 Qf6+ 73. Ke3 Qh6+ 74. Kd3 Qg6+ 75. Qe4 Qg3+ 76. Kd4 Qf2+ 77. Kd5 Qd2+ 78. Kc6 Qd8 79. e7 Qc7+ 80. Kb5 Qb8+ 81. Ka4 Qa7+ 82. Kb3 Qb8+ 83. Kc3 Qg3+ 84. Kb4 Qb8+ 85. Ka4 Qa7+ 86. Kb3 Qb8+ 87. Kc2 Qh2+ 88. Kd3 Qh3+ 89. Kd4 Qd7+ 90. Kc3 Qh3+ 91. Kd2 Qh2+ 92. Kd3 Qh3+ 93. Qe3 Qh7+ 94. Kd4 Qh4+ 95. Kc3 Qh8+ 96. Kb3 Qe8 97. Qe6+ Kb8 98.
Qd6+ Kb7 99. c6+ Ka6 100. Qd7 Qg6 101. Qb7+ Ka5 102. Qb5# 1-0

[Event "*** Titled Tuesday 3|2 Blitz (Late)"]
[Site "Chess.com"]
[Date "2016.12.06"]
[Round "4"]
[White "Hikaru"]
[Black "AlexanderL"]
[Result "1-0"]
[WhiteElo "2914"]
[BlackElo "2593"]
[TimeControl "180+2"]
[EndTime "17:50:49 PST"]
[Termination "Hikaru won by resignation"]

1. d4 Nf6 2. Bf4 d5 3. e3 c5 4. c3 Nc6 5. Bd3 Qb6 6. Qc1 Bg4 7. Nd2 e6 8. Ngf3 Be7 9. O-O Rc8 10. Qb1 Bh5 11.
Ne5 Nxe5 12. Bxe5 Bg6 13. Bxg6 hxg6 14. h3 Qc6 15. b4 cxb4 16. cxb4 Qa4 17. a3 O-O 18.
Bxf6 Bxf6 19. Qb3 Qxb3 20. Nxb3 Rc3 21. Rab1 Rfc8 22. Rfd1 Be7 23. Kf1 Kf8 24. Ke2 Ke8 25. Rdc1 Rxc1 26. Rxc1 Rxc1 27. Nxc1 b6 28. Nd3 Bd6 29.
a4 a6 30. b5 a5 31. f3 g5 32. e4 f5 33. Ne1 Ke7 34. Nc2 f4 35. Ne1 Kd7 36. Nd3 Ke7 37. Nf2 Kd7 38. Kd3 Ke7 39.
Nd1 Bb4 40. Nf2 Bd6 41. Ng4 Kd7 42. Nh2 Ke7 43. Ng4 Kd7 44. Nf2 Ke7 45. Ke2 Kd7 46.
Nd3 Ke7 47. Kf2 Kd7 48. Ke1 Ke7 49. Ke2 Kd7 50. Nc1 Ba3 51. Nd3 Bd6 52. Kd2 Ke7 53.
Kd1 Kd7 54. Kc2 Ke7 55. Nc1 Bb4 56. Kd3 Ba3 57. Ne2 Bb4 58. Nc1 Ba3 59. Nb3 Bb4 60.
Kc2 Kd7 61. Nc1 Ke7 62. Na2 Be1 63. Kd3 Kd7 64. Ke2 Bg3 65. Nc1 Bh2 66. Kf1 Bg3 67. Nd3 Ke7 68. Ne5 Bh2 69. Nc6+ Kd7 70. Ne5+ Ke7 71.
Nd3 Kd6 72. Nc1 Ke7 73. Ne2 Kd6 74. Ke1 Ke7 75. Kd2 Kd6 76. Ke1 Ke7 77. Kf2 Kd6 78.
Kf1 Ke7 79. Kf2 Kd6 80. Nc3 Bg3+ 81. Ke2 Bh2 82. Kf1 Bg3 83. Nb1 Bh2 84. Nd2 Bg3 85.
Nb3 Bh2 86. Nc1 Bg3 87. Nd3 Bh2 88. Ne5 Ke7 89. g4 Bg3 90. Nd3 Kd6 91. Kg2 Ke7 92. Kf1 Kd6 93. Ke2 Ke7 94. Ne5 Bh2 95. Kf1 Bg3 96. Nc6+ Kd7 97. Ne5+ Ke7 98. Nd3 Kd6 99. Nb2 Bh2 100. Nd1 Bg3 101. Nc3 Bh2 102. e5+ Ke7 103. Ne2 Bg3 104. Nxg3 fxg3 105. Kg2 Kf7 106. Kxg3 Kg6 107. f4 gxf4+ 108. Kxf4 Kh6 109. h4 g6 110. Kf3 Kh7 111. g5 Kg7 112. Kg4 Kh7 113. h5 Kg7 114. Kh4 Kh7 115. hxg6+ Kxg6 116.
Kg4 Kg7 117. Kh5 Kh7 118. g6+ Kg8 119. g7 Kf7 120. g8=Q+ Kxg8 121. Kg6 1-0

[Event "*** Titled Tuesday 3|2 Blitz (Late)"]
[Site "Chess.com"]
[Date "2016.12.06"]
[Round "5"]
[White "Kawhi_Leonard2"]
[Black "Quiet_Desperation"]
[Result "1-0"]
[WhiteElo "2236"]
[BlackElo "2293"]
[TimeControl "180+2"]
[EndTime "17:53:36 PST"]
[Termination "Kawhi_Leonard2 won by resignation"]

1. e4 Nc6 2. Nf3 d6 3. d4 Nf6 4. Nc3 d5 5. exd5 Nxd5 6. Bc4 Nb6 7. Bb5 a6 8. Bxc6+ bxc6 9. Ne5 e6 10. Qf3 Qf6 11.
Qxc6+ Kd8 12. Bg5 1-0

[Event "*** Titled Tuesday 3|2 Blitz (Late)"]
[Site "Chess.com"]
[Date "2016.12.06"]
[Round "5"]
[White "Rumpel-VK"]
[Black "MattyDPerrine"]
[Result "1-0"]
[WhiteElo "2461"]
[BlackElo "2224"]
[TimeControl "180+2"]
[EndTime "17:54:37 PST"]
[Termination "Rumpel-VK won by resignation"]

1. e4 c5 2. g3 Nc6 3. Bg2 g6 4. f4 Bg7 5. Nf3 d6 6. O-O Rb8 7. d3 e6 8. c3 Nge7 9. Na3 O-O 10. Nc2 b5 11. a3 a5 12. Be3 b4 13. axb4 axb4 14.
d4 bxc3 15. bxc3 cxd4 16. cxd4 d5 17. e5 Nf5 18. g4 Nxe3 19. Nxe3 Rb3 20. Qxb3 1-0

[Event "*** Titled Tuesday 3|2 Blitz (Late)"]
[Site "Chess.com"]
[Date "2016.12.06"]
[Round "5"]
[White "anon102030"]
[Black "wonderfultime"]
[Result "0-1"]
[WhiteElo "2559"]
[BlackElo "2675"]
[TimeControl "180+2"]
[EndTime "17:56:18 PST"]
[Termination "wonderfultime won by checkmate"]

1. e4 c5 2. Nc3 Nc6 3. g3 g6 4. Bg2 Bg7 5. d3 d6 6. Be3 Rb8 7. Nf3 Nf6 8. h3 O-O 9. O-O Nd7 10. d4 cxd4 11. Nxd4 Nb6 12. Nce2 Nc4 13. Bc1 Nxd4 14. Nxd4 Qb6 15. Nb3 Nxb2 16. Qf3 Na4 17. Rb1 Nc3 18. Rb2 Be6 19. Kh2 Rfc8 20. Be3 Qa6 21.
Bd4 Na4 22. Bxg7 Kxg7 23. Rbb1 Rc3 24. Qf4 Bc4 25. Rfe1 f6 26. e5 dxe5 27. Rxe5 fxe5 28. Qxe5+ Qf6 29. Qxb8 Rxc2 30. Rc1 Bxb3 31. axb3 Rxc1 32. bxa4 Qxf2 33. Qxb7 Qg1# 0-1

[Event "*** Titled Tuesday 3|2 Blitz (Late)"]
[Site "Chess.com"]
[Date "2016.12.06"]
[Round "5"]
[White "Buffy7"]
[Black "nonscitis"]
[Result "1-0"]
[WhiteElo "2468"]
[BlackElo "2363"]
[TimeControl "180+2"]
[EndTime "17:56:46 PST"]
[Termination "Buffy7 won by checkmate"]

1. Nf3 Nf6 2. c4 e6 3. Nc3 d5 4. d4 c6 5. Bg5 Be7 6. e3 O-O 7.
Bd3 Nbd7 8. Rc1 dxc4 9. Bxc4 b5 10. Bd3 Bb7 11. O-O a6 12. Bxf6 Nxf6 13. Ne4 Nxe4 14. Bxe4 Rc8 15. Ne5 Bd6 16. f4 Bxe5 17. fxe5 f5 18.
exf6 Rxf6 19. Qh5 g6 20. Qe5 Rxf1+ 21. Rxf1 Qe7 22. Rf6 Re8 23. Bxg6 hxg6 24. Rxg6+ Kf7 25. Qg7# 1-0

[Event "*** Titled Tuesday 3|2 Blitz (Late)"]
[Site "Chess.com"]
[Date "2016.12.06"]
[Round "5"]
[White "platy3"]
[Black "Scott-fox21"]
[Result "1-0"]
[WhiteElo "2699"]
[BlackElo "2179"]
[TimeControl "180+2"]
[EndTime "17:56:56 PST"]
[Termination "platy3 won by resignation"]

1. e4 c5 2. Nf3 d6 3. d4 cxd4 4.
Nxd4 Nf6 5. Nc3 Nc6 6. Bc4 Qb6 7.
Nb3 e6 8. Bf4 e5 9. Be3 Qd8 10.
O-O Be6 11. Bxe6 fxe6 12. f4 exf4 13. Bxf4 Be7 14. Qe2 O-O 15. Rad1 Qb6+ 16. Kh1 Rad8 17. Be3 Qc7 18. Qc4 Qd7 19. Nc5 dxc5 20. Rxd7 Nxd7 21. Qxe6+ Kh8 22. Rxf8+ Rxf8 23. Qxd7 Rf1+ 24. Bg1 c4 25. Qc8+ Nd8 26. Nd5 1-0

[Event "*** Titled Tuesday 3|2 Blitz (Late)"]
[Site "Chess.com"]
[Date "2016.12.06"]
[Round "5"]
[White "Bishops83"]
[Black "AllStarShark"]
[Result "1-0"]
[WhiteElo "2282"]
[BlackElo "2328"]
[TimeControl "180+2"]
[EndTime "17:57:13 PST"]
[Termination "Bishops83 won by resignation"]

1. e4 c5 2. Nf3 Nc6 3. Bb5 e5 4.
O-O Bd6 5. c3 Nge7 6. d4 cxd4 7.
cxd4 exd4 8. Nxd4 Be5 9. Nf3 O-O 10. Nxe5 Nxe5 11. Qd6 N7c6 12. Nc3 a6 13. Be2 b5 14. a4 b4 15. Nd5 Bb7 16. f4 Ng6 17. f5 Nge7 18.
Bg5 f6 19. Nxf6+ gxf6 20. Bxf6 Rxf6 21. Qxf6 Qf8 22. Bc4+ d5 23. Qe6+ Qf7 24. exd5 Qxe6 25. dxe6 Ne5 26. Bb3 Rf8 27. f6 Nd5 28. e7 Re8 29.
Rad1 1-0

[Event "*** Titled Tuesday 3|2 Blitz (Late)"]
[Site "Chess.com"]
[Date "2016.12.06"]
[Round "5"]
[White "MFBerna"]
[Black "MaestroASK"]
[Result "0-1"]
[WhiteElo "2197"]
[BlackElo "2449"]
[TimeControl "180+2"]
[EndTime "17:57:51 PST"]
[Termination "MaestroASK won by resignation"]

1. e4 d6 2. d4 g6 3. Nf3 c6 4.
Nc3 Bg7 5. h3 e5 6. dxe5 dxe5 7.
Qxd8+ Kxd8 8. Bc4 f6 9. Be3 Bh6 10. O-O-O+ Ke7 11. Bxh6 Nxh6 12. Rd2 Nd7 13. Rhd1 b5 14.
Bb3 a5 15. a4 b4 16. Ne2 Nc5 17. Ng3 Nxb3+ 18. cxb3 Be6 19. Kc2 Nf7 20. Nf1 Rhd8 21. Rxd8 Nxd8 22. Ne3 Nb7 23. Nd2 Nc5 24. f3 Rd8 25. Ndc4 Rxd1 26. Kxd1 Nxb3 27. Kc2 Nc5 28. Nxa5 b3+ 29. Kc1 Nxa4 30. Nxc6+ Kd6 31. Na5 Kc5 32. Nb7+ Kd4 33. Nd1 Bc4 34. Nd6 Bf1 35. g3 Be2 36.
Nb5+ Bxb5 0-1

[Event "*** Titled Tuesday 3|2 Blitz (Late)"]
[Site "Chess.com"]
[Date "2016.12.06"]
[Round "5"]
[White "nonsopolo1"]
[Black "micfel"]
[Result "0-1"]
[WhiteElo "2175"]
[BlackElo "2274"]
[TimeControl "180+2"]
[EndTime "17:57:58 PST"]
[Termination "micfel won by resignation"]

1. e4 Nf6 2. e5 Nd5 3. Bc4 Nb6 4.
Bb3 d6 5. d4 Nc6 6. exd6 cxd6 7.
Nf3 g6 8. Ng5 e6 9. c3 Bg7 10.
h4 h6 11. Ne4 f5 12. Ng3 d5 13.
Nd2 O-O 14. Nf3 a5 15. Bf4 a4 16. Bc2 Nc4 17. b3 axb3 18. axb3 Rxa1 19. Qxa1 Nd6 20. Qc1 Kh7 21. h5 g5 22. Bxg5 hxg5 23. Nxg5+ Kh8 24.
h6 Bf6 25. f4 b6 26. Nh5 Qe7 27. Ng7 Ne4 28. Bxe4 fxe4 29. Qe3 Bd7 30. Qg3 e5 31. dxe5 Nxe5 32. Qh4 Nd3+ 33. Kf1 Bxg5 0-1

[Event "*** Titled Tuesday 3|2 Blitz (Late)"]
[Site "Chess.com"]
[Date "2016.12.06"]
[Round "5"]
[White "Larax"]
[Black "calemcc"]
[Result "0-1"]
[WhiteElo "1894"]
[BlackElo "2106"]
[TimeControl "180+2"]
[EndTime "17:58:26 PST"]
[Termination "calemcc won by resignation"]

1. e4 e6 2. d4 d5 3. Nc3 Nf6 4. Bg5 dxe4 5. Nxe4 Be7 6. Bxf6 gxf6 7. Nf3 f5 8. Ned2 a6 9. g3 b5 10. Bg2 Bb7 11. O-O c5 12. dxc5 Bxc5 13. Qe2 O-O 14. a4 b4 15. Rad1 Qf6 16. Ne5 Bxg2 17. Kxg2 Ra7 18. Ndc4 Rc7 19. b3 Rfc8 20. Rd3 Nc6 21.
Nd7 Qe7 22. Nxc5 Qxc5 23. Rfd1 Ne7 24. Qf3 Ng6 25. Qe3 Qxe3 26. Rxe3 Ne7 27. Rd6 Rc6 28. Red3 Nd5 29. R3xd5 exd5 30. Rxd5 Rc5 31. Rxc5 Rxc5 32. Kf3 Kg7 33. Ke3 Rd5 34. Nb6 Rd1 35. Kf4 Rd2 36.
Kxf5 Rxf2+ 37. Ke4 Rxc2 38. Nd5 Rxh2 39. Nxb4 Rb2 40.
Nxa6 Rxb3 41. g4 Ra3 42. Nc5 Rc3 43. Kd4 Rg3 44. a5 Rxg4+ 45. Ne4 Rg6 46. Kc5 Ra6 47.
Kb5 Ra8 48. a6 h5 49. Kb6 f5 50. Kb7 fxe4 51. Kxa8 e3 52. Kb8 e2 53. a7 e1=Q 54. a8=Q Qe8+ 0-1

[Event "*** Titled Tuesday 3|2 Blitz (Late)"]
[Site "Chess.com"]
[Date "2016.12.06"]
[Round "5"]
[White "dretch"]
[Black "Izoria123"]
[Result "1-0"]
[WhiteElo "2592"]
[BlackElo "2580"]
[TimeControl "180+2"]
[EndTime "17:58:35 PST"]
[Termination "dretch won by resignation"]

1. d4 e6 2. c4 f5 3. g3 Nf6 4.
Bg2 c6 5. Nd2 d5 6. Nh3 Bd6 7.
O-O O-O 8. Nf3 Bd7 9. Bf4 Be8 10.
Qb3 b6 11. Nfg5 Bf7 12. Rac1 h6 13. Nxf7 Rxf7 14. cxd5 cxd5 15. Rc2 Rc7 16. Rfc1 Rxc2 17. Rxc2 Bf8 18. Be5 Nbd7 19. Nf4 Kf7 20. Nxe6 Kxe6 21. Bxd5+ Ke7 22. Bf7 1-0

[Event "*** Titled Tuesday 3|2 Blitz (Late)"]
[Site "Chess.com"]
[Date "2016.12.06"]
[Round "5"]
[White "Alliswell998"]
[Black "GM_Barcenilla"]
[Result "0-1"]
[WhiteElo "2131"]
[BlackElo "2659"]
[TimeControl "180+2"]
[EndTime "17:58:38 PST"]
[Termination "GM_Barcenilla won by resignation"]

1. e4 g6 2. Nc3 Bg7 3. f4 c5 4.
Nf3 Nc6 5. Bb5 Nd4 6. O-O Nxb5 7. Nxb5 d6 8. d3 Nf6 9. Qe1 O-O 10. Qh4 c4 11.
Nc3 cxd3 12. cxd3 Qb6+ 13. Kh1 Re8 14. f5 gxf5 15. Bh6 Bxh6 16. Qxh6 Qxb2 17. Rac1 Be6 18.
Ng5 Rac8 19. exf5 Bxf5 20. Rb1 Qxc3 21. Rxf5 Qxd3 22. Rff1 b6 23. Rbe1 Qg6 24. Qh4 Rc2 25.
Rxf6 exf6 26. Rxe8+ Kg7 27. Re1 fxg5 28. Qd4+ Qf6 29. Qd3 Rxa2 30. Rf1 Qe6 31. Qd4+ f6 32. Rc1 Re2 33. Rc7+ Kh6 34. h4 Re1+ 35. Kh2 Qe5+ 36.
Qxe5 fxe5 37. hxg5+ Kxg5 38. Rxh7 a5 39. Ra7 Kf5 0-1